 Dungeon Crawl Stone Soup version 0.16-a0-119-gc74d62a (webtiles) character file.

350 Ratboiler the Sneak (level 6, 37/37 HPs)
             Began as a Kobold Assassin on Aug 12, 2014.
             Quit the game on Level 4 of the Dungeon.
             The game lasted 00:14:17 (4042 turns).

Ratboiler the Sneak (Kobold Assassin)               Turns: 4042, Time: 00:14:18

HP  37/37        AC  5     Str 10      XL: 6   Next: 92%
MP   6/6         EV 16     Int  9      God:
Gold 147         SH  0     Dex 17      Spells:  0 memorised,  5 levels left

rFire  . . .     SeeInvis .     a - +2 dagger
rCold  . . .     Clarity  .     c - +0 robe
rNeg   . . .     rCorr    .     (no shield)
rPois  .         rRot     .     D - +0 helmet
rElec  .         Spirit   .     d - +0 cloak
SustAb .         Warding  .     H - +0 pair of gloves
rMut   .         Stasis   .     (no boots)
Gourm  .                        (no amulet)
MR     .....                    (no ring)
                                (no ring)

@: not resistant to hostile enchantments, stealthy
A: hooves 1, carnivore 3, clumsy 1
a: no special abilities


You were on level 4 of the Dungeon.
You were very full.

You visited 1 branch of the dungeon, and saw 4 of its levels.

You collected 147 gold pieces.

Inventory:

Hand weapons
 a - a +2 dagger (weapon)
 b - a +0 blowgun
Missiles
 e - 30 poisoned needles
 f - 2 curare-tipped needles
 t - 8 tomahawks (quivered)
Armour
 c - a +0 robe (worn)
 d - a +0 cloak (worn)
 k - a +0 cloak
 l - a +0 leather armour
 y - a +0 buckler
 D - a +0 helmet (worn)
 H - a +0 pair of gloves (worn)
Comestibles
 g - a meat ration
Scrolls
 h - 2 scrolls of blinking {unknown}
 j - 2 scrolls of enchant armour {unknown}
 n - 2 scrolls of fog {unknown}
 o - a scroll of amnesia {unknown}
 q - a scroll of fear {unknown}
 r - 6 scrolls of identify
 s - a scroll of teleportation {unknown}
 v - a scroll of recharging {unknown}
 x - a scroll of remove curse {unknown}
 E - a scroll of immolation {unknown}
Jewellery
 z - an uncursed amulet of resist corrosion
 A - an uncursed amulet of resist corrosion
Potions
 i - a potion of magic
 w - a potion of confusion


   Skills:
 + Level 3.3 Fighting
 * Level 5.4 Short Blades
 + Level 4.0 Throwing
 + Level 3.3 Dodging
 * Level 7.1 Stealth


You had 5 spell levels left.
You didn't know any spells.

Dungeon Overview and Level Annotations

Branches:
Dungeon (4/15)
 Temple: D:4-7

Altars:
Yredelemnul

Annotations:
D:4 SublimeSnake's ghost, average HuWn


Innate Abilities, Weirdness & Mutations

You are small and have problems with some larger weapons.
You are carnivorous and can eat meat at any time.
You have large cloven feet.
You are clumsy. (Dex -2)


Message History

You kill the scorpion!
Your Throwing skill increases to level 4!
Your Stealth skill increases to level 7!
A ball python comes into view.
The ball python bites you but does no damage.
The ball python grabs you. The ball python constricts you.
The ball python barely misses you. The ball python constricts you.
You completely miss the ball python. You hit the ball python.
You kill the ball python!
An orc comes into view.
The helpless orc fails to defend itself.
You cut the orc into ribbons!!!
You kill the orc!
You see here 5 tomahawks.
Found a cloak.
You see here a cloak.
k - a cloak Unknown command.
Are you sure you want to abandon this character and quit the game? (Confirm with "yes".)

#.# #.# #.# #.#
#.# #.## #.#
#..## #.#
##.#.## #.#
#...#.# #.#
##...## #.#
##.## ##.## #@#
##..>## #.#
##.#.#.######.#
#.............#
##.#.#.########
##.#...##
##.###.## ##.##
##.## #.## ##.#


There were no monsters in sight!

Vanquished Creatures
  A centaur (D:4)
  A scorpion (D:4)
  A hound (D:4)
  2 worker ants (D:4)
  An orc wizard (D:4)
  2 adders
  A worm (D:4)
  A giant mite (D:3)
  7 orcs
  3 giant cockroaches
  5 goblins
  8 hobgoblins
  15 jackals
  3 quokkas
  2 ball pythons
  8 bats
  A giant newt (D:2)
  9 kobolds
  10 rats
81 creatures vanquished.

Notes
Turn   | Place    | Note
--------------------------------------------------------------
     0 | D:1      | Ratboiler, the Kobold Assassin, began the quest for the Orb.
     0 | D:1      | Reached XP level 1. HP: 12/12 MP: 1/1
   264 | D:1      | Reached XP level 2. HP: 15/18 MP: 2/2
   711 | D:2      | Reached XP level 3. HP: 22/22 MP: 3/3
  1776 | D:3      | Reached XP level 4. HP: 23/27 MP: 4/4
  2234 | D:4      | Found a basalt altar of Yredelemnul.
  2489 | D:4      | Reached skill level 6 in Stealth
  2631 | D:4      | Noticed SublimeSnake's ghost (average HuWn)
  3046 | D:4      | Reached XP level 5. HP: 24/32 MP: 5/5
  3425 | D:4      | Noticed a centaur
  3436 | D:4      | Killed a centaur
  3436 | D:4      | Reached XP level 6. HP: 37/37 MP: 6/6
  3468 | D:4      | Reached skill level 5 in Short Blades
  3717 | D:4      | Gained mutation: You are clumsy. (Dex -2) [potion of mutation]
  3717 | D:4      | Gained mutation: You have large cloven feet. [potion of mutation]
  3995 | D:4      | Reached skill level 7 in Stealth
  4042 | D:4      | Quit the game

Action                   |  1- 3 |  4- 6 || total
-------------------------+-------+-------++-------
Melee: Dagger            |   119 |   214 ||   333
  Use: Potion            |       |     9 ||     9
       Scroll            |       |     2 ||     2
 Stab: Sleeping          |     7 |     8 ||    15
       Distracted        |       |     1 ||     1
  Eat: Chunk             |    11 |     6 ||    17
